 Dungeon Crawl Stone Soup version 0.20.1-1-g8b1a95d (webtiles) character file.

88696 Peloso the Peltast (level 15, -6/139 HPs)
             Began as a Minotaur Fighter on July 7, 2017.
             Was the Champion of Okawaru.
             Killed from afar by a fire giant (34 damage)
             ... with a bolt of fire
             ... on level 15 of the Dungeon.
             The game lasted 01:21:55 (28541 turns).

Peloso the Peltast (Minotaur Fighter)              Turns: 28541, Time: 01:21:55

Health: -6/139     AC: 23    Str: 27    XL:     15   Next: 47%
Magic:  0/15       EV: 11    Int:  8    God:    Okawaru [******]
Gold:   1481       SH: 16    Dex: 16    Spells: 14/14 levels left

rFire    . . .     SeeInvis +   a - +2 scimitar (flame)
rCold    . . .     Gourm    .   c - +0 shield
rNeg     . . .     Faith    .   k - +1 plate armour
rPois    .         Spirit   +   v - +0 hat {Int+3}
rElec    .         Reflect  .   (no cloak)
rCorr    .         Harm     .   J - +2 pair of gloves {Dex+3}
MR       +....                  R - +0 pair of boots
Stlth    ..........             b - amulet of guardian spirit
Regen    0.4/turn               H - ring of see invisible
MPRegen  0.2/turn               C - +3 ring of strength

@: no status effects
A: retaliatory headbutt, horns 2
a: Heroism, Finesse, Renounce Religion


You were on level 15 of the Dungeon.
You worshipped Okawaru.
Okawaru was exalted by your worship.
You were very hungry.

You visited 3 branches of the dungeon, and saw 22 of its levels.
You also visited: Ossuary and Ice Cave.

You collected 1481 gold pieces.

Inventory:

Hand Weapons
 a - a +2 scimitar of flaming (weapon)
 u - a +3 long sword
 O - a +2 hand axe of flaming
Armour
 c - a +0 shield (worn)
 k - a +1 plate armour (worn)
 v - a +0 hat of intelligence (worn)
 J - a +2 pair of gloves of dexterity (worn)
 K - the +0 hat "Put-Me-On" {*Drain +Fly rCorr}
   (Okawaru gifted it to you on level 1 of the Lair of Beasts)

   It lets you fly.
   It protects you from acid and corrosion.
   It causes draining when unequipped.
 R - a +0 pair of boots (worn)
Jewellery
 b - an amulet of guardian spirit (around neck)
 e - the amulet of the Air {Inacc +Fly rElec EV+5 RMsl}
   (You found it on level 6 of the Lair of Beasts)

   [amulet of inaccuracy]

   It reduces the accuracy of all your attacks.
   It affects your evasion (+5).
   It insulates you from electricity.
   It lets you fly.
   It protects you from missiles.
 j - an uncursed ring of stealth
 C - a +3 ring of strength (right hand)
 H - a ring of see invisible (left hand)
 Z - a +3 ring of slaying
Wands
 g - a wand of acid (9/15)
 x - a wand of acid (15/15)
Scrolls
 h - 9 scrolls of remove curse
 i - 10 scrolls of identify
 n - 4 scrolls of blinking
 q - 12 scrolls of teleportation
 r - 6 scrolls of recharging
 s - a scroll of fear
Potions
 l - 11 potions of curing
 m - a potion of resistance
 p - 8 potions of flight
 t - 3 potions of heal wounds
 z - 2 potions of agility
 D - 3 potions of berserk rage
 N - 3 potions of might
Comestibles
 f - 12 bread rations
 o - 11 meat rations
 F - 15 fruits
 L - 11 royal jellies


   Skills:
 + Level 14.3 Fighting
 + Level 16.2 Long Blades
 + Level 5.2 Axes
 + Level 15.1 Armour
 + Level 4.3 Dodging
 + Level 2.0 Stealth
 + Level 17.4 Shields
 + Level 2.4 Invocations


You had 14 spell levels left.
You didn't know any spells.

Dungeon Overview and Level Annotations

Branches:
Dungeon (15/15)            Temple (1/1) D:7            Lair (6/6) D:10
  Swamp (0/4) Lair:4       Spider (0/4) Lair:3        Slime (0/5) Lair:5
    Orc (0/2) D:11         Vaults (0/5) D:14         Depths (0/5) D:15

Altars:
Ashenzari
Cheibriados
Dithmenos
Elyvilon
Fedhas
Gozag
Hepliaklqana
Kikubaaqudgha
Makhleb
Nemelex Xobeh
Okawaru
Qazlal
Ru
Sif Muna
Trog
Uskayaw
Vehumet
Xom
Yredelemnul
Zin
The Shining One
Beogh
Jiyva

Shops:
D:6 %

Annotations:
Lair:5 exclusion: 2 oklob plants


Innate Abilities, Weirdness & Mutations

You reflexively headbutt those who attack you in melee.
You have a pair of horns on your head.


Message History

You slash the fire giant!
The fire giant is moderately wounded.
You block the fire giant's attack.
Unknown command.
You slice the fire giant!! You burn the fire giant.
You headbutt the fire giant.
The fire giant is severely wounded.
Unknown command.
You slash the fire giant!
The fire giant is severely wounded.
The fire giant gestures at you while chanting.
The bolt of fire hits you!
* * * LOW HITPOINT WARNING * * *
Unknown command.
You hit the fire giant.
You headbutt the fire giant, but do no damage.
The fire giant is severely wounded.
The fire giant casts a spell at you. The bolt of fire hits you!
You die...

..../.# #..# ###. ##....# ####
#^.# ###..( ##...# ....# #..#
###.((.. #...# ..... ##.##
###..(.### #...#......
#..###...(### #...#......
#......)### ###....# #......##
..#....# #####....###
.......## #!@§§.....##
........# #.C§§§≈≈≈≈..##
...#####...##...§§≈#≈≈....#..#
#### ##....≈.#§≈≈≈§#.§....#
##..§≈≈§...≈≈≈§§...#
#..≈§≈....≈.≈§...##
#..≈#§..>..≈.§...#
...§§§§.§§≈§≈§..##
§§≈..§§§≈§...


You could see a fire giant.

Vanquished Creatures
  Gastronok (Lair:3)
  Snorg (Lair:3)
  A fire dragon (Lair:6)
  Fannar (Lair:1)
  2 vault guards (D:14)
  10 hydras
  11 death yaks
  4 two-headed ogres
  Urug (Lair:3)
  A fire crab (Lair:6)
  3 unseen horrors
  A wolf spider zombie (D:15)
  2 wizards (D:14)
  A lindwurm (Lair:6)
  2 necromancers
  An orc knight (D:7)
  Pikel (D:8)
  A cyclops (D:14)
  A manticore (D:11)
  10 ugly things
  9 elephants
  11 black mambas
  4 ice statues (IceCv)
  3 molten gargoyles (Lair:6)
  14 spiny frogs
  2 gargoyles (D:12)
  21 komodo dragons
  A rime drake (shapeshifter) (D:14)
  7 ice devils (IceCv)
  An efreet (D:15)
  2 kobold demonologists (D:11)
  5 rime drakes
  4 yaktaurs
  The ghost of tamionv the Basher, a novice GrBe of Trog (D:4)
  A troll (D:13)
  A polar bear (Lair:5)
  12 blink frogs
  A harpy skeleton (D:14)
  Grinder (D:3)
  6 dream sheep
  6 hippogriffs
  A shadow (D:12)
  40 yaks
  5 basilisks
  7 wyverns
  20 humans (D:14)
  Grum (D:9)
  3 vampire mosquitoes
  A hungry ghost (D:12)
  The ghost of kusayu the Shield-Bearer, an amateur OpFi of the Shining One (D:3)
  2 steam dragons
  12 water moccasins
  4 hell hounds (Lair:6)
  An acid dragon (D:13)
  A soldier ant (D:11)
  7 porcupines
  8 orc warriors
  6 ice beasts
  3 phantoms
  5 sky beasts
  A hornet zombie (D:15)
  An eye of draining (D:12)
  5 ogres
  2 necrophages
  12 wolves
  8 centaurs
  An elf zombie (Ossuary)
  4 big kobolds
  12 crocodiles
  16 bullfrogs
  A wyvern zombie (D:11)
  2 wyvern skeletons
  A water moccasin skeleton (D:5)
  51 killer bees
  5 scorpions
  8 wights
  6 howler monkeys
  2 centaur zombies
  5 crimson imps
  2 bullfrog zombies
  4 jellies
  5 lava snakes (Lair:6)
  A quasit (D:12)
  A draconian simulacrum (IceCv)
  7 hounds
  3 bullfrog skeletons
  5 orc priests
  5 centaur skeletons
  9 orc wizards
  Ijyb (D:5)
  3 iguanas
  8 worker ants
  A spriggan simulacrum (IceCv)
  3 troll simulacra (IceCv)
  A hound zombie (D:7)
  2 hound skeletons
  3 mummies
  A howler monkey zombie (D:10)
  3 worker ant zombies
  7 gnolls
  19 adders
  2 naga simulacra (IceCv)
  3 ogre simulacra (IceCv)
  2 shadow imps
  An ooze (D:3)
  An adder skeleton (D:2)
  3 adder zombies
  2 worms
  3 dart slugs
  7 leopard geckos
  41 orcs
  10 bats
  7 giant cockroaches
  7 goblins
  3 hobgoblins
  9 jackals
  2 quokkas
  2 ball pythons
  3 frilled lizards
  3 goblin zombies
  12 hobgoblin zombies
  2 jackal zombies (Ossuary)
  15 kobolds
  9 kobold zombies (Ossuary)
  A leopard gecko zombie (D:2)
  9 orc zombies (Ossuary)
  5 rats
  2 rat zombies (Ossuary)
700 creatures vanquished.

Vanquished Creatures (others)
  3 slaves (D:8)
  A bullfrog (D:8)
  13 fungi
  3 plants
20 creatures vanquished.

Grand Total: 720 creatures vanquished

Notes
Turn   | Place    | Note
-------+----------+-------------------------------------------
     0 | D:1      | Peloso the Minotaur Fighter began the quest for the Orb.
     0 | D:1      | Reached XP level 1. HP: 19/19 MP: 0/0
   206 | D:1      | Reached skill level 4 in Shields
   304 | D:1      | Reached XP level 2. HP: 23/27 MP: 1/1
   787 | D:2      | Reached XP level 3. HP: 33/33 MP: 2/2
  1395 | D:2      | Reached XP level 4. HP: 38/40 MP: 3/3
  1502 | D:2      | Found a deep blue altar of Sif Muna.
  1503 | D:2      | Found a hide-covered altar of Uskayaw.
  1505 | D:2      | Found a burning altar of Makhleb.
  2035 | D:3      | Found a stormy altar of Qazlal.
  2037 | D:3      | Found a shattered altar of Ashenzari.
  2037 | D:3      | Noticed kusayu's ghost (amateur OpFi)
  2261 | D:3      | Killed kusayu's ghost
  2261 | D:3      | Reached skill level 5 in Armour
  2261 | D:3      | Reached skill level 5 in Shields
  2261 | D:3      | Reached XP level 5. HP: 32/46 MP: 1/4
  2329 | D:3      | Found a sacrificial altar of Ru.
  2337 | D:3      | Found a sparkling altar of Nemelex Xobeh.
  2407 | D:3      | Found a glowing golden altar of the Shining One.
  2451 | D:3      | Noticed Grinder
  2474 | D:3      | Killed Grinder
  2474 | D:3      | Reached skill level 5 in Long Blades
  2474 | D:3      | Reached skill level 1 in Dodging
  2474 | D:3      | Reached XP level 6. HP: 20/53 MP: 2/5
  2912 | D:3      | Found a faded altar of an unknown god.
  3215 | D:4      | Reached XP level 7. HP: 60/60 MP: 4/6
  3414 | D:4      | Noticed tamionv's ghost (novice GrBe)
  3437 | D:4      | Killed tamionv's ghost
  3445 | D:4      | Found a sand-covered staircase.
  3506 | Ossuary  | Entered an ossuary
  3667 | Ossuary  | Reached skill level 6 in Shields
  3675 | Ossuary  | Reached skill level 5 in Fighting
  3890 | D:4      | Reached XP level 8. HP: 68/68 MP: 7/7
  3924 | D:4      | Found a sparkling altar of Nemelex Xobeh.
  4285 | D:5      | Entered Level 5 of the Dungeon
  4570 | D:5      | Found a blossoming altar of Fedhas.
  4582 | D:5      | Noticed Ijyb
  4600 | D:5      | Killed Ijyb
  4661 | D:5      | Reached skill level 7 in Shields
  5347 | D:6      | Reached XP level 9. HP: 61/75 MP: 5/8
  5405 | D:6      | Found Afeech's Food Shoppe.
  5566 | D:6      | Reached skill level 8 in Shields
  6716 | D:7      | Reached skill level 10 in Long Blades
  6740 | D:7      | Found a staircase to the Ecumenical Temple.
  6755 | Temple   | Entered the Ecumenical Temple
  6807 | Temple   | Became a worshipper of Warmaster Okawaru
  6876 | D:7      | Found a transporter.
  7156 | D:8      | Noticed Pikel
  7170 | D:8      | Killed Pikel
  7170 | D:8      | Reached skill level 1 in Stealth
  7183 | D:8      | Reached skill level 9 in Shields
  7394 | D:8      | Found a radiant altar of Vehumet.
  7396 | D:8      | Found a bloodstained altar of Trog.
  7449 | D:8      | Reached * piety under Okawaru
  7841 | D:8      | Reached XP level 10. HP: 84/84 MP: 9/9
  7941 | D:8      | Found a burning altar of Makhleb.
  8358 | D:8      | Noticed a two-headed hydra
  8363 | D:8      | Killed a one-headed hydra
  8373 | D:8      | Reached ** piety under Okawaru
  8533 | D:9      | Reached skill level 10 in Shields
  8823 | D:9      | Noticed a two-headed ogre
  8832 | D:9      | Killed a two-headed ogre
  8832 | D:9      | Reached *** piety under Okawaru
  9083 | D:9      | Noticed Grum
  9101 | D:9      | Killed Grum
  9604 | D:10     | Entered Level 10 of the Dungeon
  9604 | D:10     | Noticed a two-headed ogre
  9617 | D:10     | Killed a two-headed ogre
  9617 | D:10     | Received a gift from Okawaru
  9617 | D:10     | Reached XP level 11. HP: 79/94 MP: 7/10
  9624 | D:10     | Reached skill level 11 in Shields
 10008 | D:10     | Found a staircase to the Lair.
 10099 | D:10     | Reached skill level 10 in Armour
 10500 | D:7      | Found a roughly hewn altar of Beogh.
 10504 | D:7      | Noticed an orc knight
 10508 | D:7      | Noticed a two-headed ogre
 10764 | D:7      | Killed a two-headed ogre
 11031 | D:7      | Killed an orc knight
 11031 | D:7      | Reached **** piety under Okawaru
 11079 | D:7      | Found a transporter.
 11228 | D:11     | Found a staircase to the Orcish Mines.
 11263 | D:11     | Noticed a green ugly thing
 11277 | D:11     | Killed a green ugly thing
 11678 | D:11     | Noticed a sixfirhy
 11983 | Lair:1   | Entered Level 1 of the Lair of Beasts
 12070 | Lair:1   | Noticed Fannar
 12098 | Lair:1   | Killed Fannar
 12098 | Lair:1   | Reached ***** piety under Okawaru
 12515 | Lair:1   | Noticed a six-headed hydra
 12522 | Lair:1   | Noticed a six-headed hydra
 12524 | Lair:1   | Killed a one-headed hydra
 12524 | Lair:1   | Reached skill level 12 in Shields
 12535 | Lair:1   | Killed a one-headed hydra
 12535 | Lair:1   | Reached skill level 1 in Axes
 12735 | Lair:1   | Received a gift from Okawaru
 12738 | Lair:1   | Got a jewelled hat {god gift}
 12744 | Lair:1   | Identified the +0 hat "Put-Me-On" {*Drain +Fly rCorr} (Okawaru gifted it to you on level 1 of the Lair of Beasts)
 12752 | Lair:1   | Reached XP level 12. HP: 95/105 MP: 11/11
 13650 | Lair:2   | Noticed a six-headed hydra
 13661 | Lair:2   | Killed a one-headed hydra
 13661 | Lair:2   | Reached skill level 1 in Invocations
 14053 | Lair:2   | Reached skill level 10 in Fighting
 14521 | Lair:3   | Noticed a death yak
 14522 | Lair:3   | Noticed a death yak
 14526 | Lair:3   | Noticed a death yak
 14527 | Lair:3   | Noticed a death yak
 14528 | Lair:3   | Noticed a seven-headed hydra
 14528 | Lair:3   | Noticed a death yak
 14532 | Lair:3   | Noticed a death yak
 14539 | Lair:3   | Killed a death yak
 14546 | Lair:3   | Killed a three-headed hydra
 14557 | Lair:3   | Killed a death yak
 14567 | Lair:3   | Killed a death yak
 14567 | Lair:3   | Reached skill level 13 in Shields
 14576 | Lair:3   | Killed a death yak
 14585 | Lair:3   | Killed a death yak
 14596 | Lair:3   | Killed a death yak
 14943 | Lair:3   | Noticed Snorg
 14959 | Lair:3   | Killed Snorg
 15054 | Lair:3   | Found a hole to the Spider Nest.
 15110 | Lair:3   | Reached XP level 13. HP: 72/116 MP: 8/13
 15323 | Lair:3   | Noticed Gastronok
 15323 | Lair:3   | Noticed Urug
 15379 | Lair:3   | Killed Urug
 15645 | Lair:3   | Killed Gastronok
 15645 | Lair:3   | Received a gift from Okawaru
 15985 | Lair:3   | Reached skill level 14 in Shields
 17511 | Lair:4   | Reached ****** piety under Okawaru
 17523 | Lair:4   | Received a gift from Okawaru
 18043 | Lair:4   | Found a staircase to the Swamp.
 18896 | Lair:4   | Reached skill level 15 in Long Blades
 18987 | Lair:5   | Reached skill level 15 in Shields
 19052 | Lair:5   | Found a viscous altar of Jiyva.
 19053 | Lair:5   | Found a staircase to the Slime Pits.
 19536 | Lair:5   | Reached XP level 14. HP: 112/126 MP: 12/14
 19579 | Lair:5   | Received a gift from Okawaru
 19618 | Lair:5   | Got a scorched spear
 19619 | Lair:5   | Identified the +8 spear of Callousness {speed, +Fly} (You found it on level 5 of the Lair of Beasts)
 20119 | D:11     | Identified the Reference Book on the Glacial Compass
 21222 | D:13     | Found a frozen archway.
 21310 | IceCv    | Entered an ice cave
 22153 | IceCv    | Reached skill level 16 in Shields
 23463 | D:13     | Received a gift from Okawaru
 23725 | D:14     | Got a dazzling morningstar
 24099 | Lair:1   | Identified the +11 morningstar "Wocups" {drain, rF+} (You found it on level 14 of the Dungeon)
 24263 | Lair:6   | Entered Level 6 of the Lair of Beasts
 24473 | Lair:5   | Reached skill level 5 in Axes
 24640 | Lair:6   | Found a large runed door.
 24643 | Lair:6   | Found a large runed door.
 25401 | Lair:6   | Reached XP level 15. HP: 119/137 MP: 13/15
 26341 | Lair:6   | Reached skill level 17 in Shields
 27455 | D:14     | Found a gate to the Vaults.
 27482 | D:14     | Reached skill level 15 in Armour
 27574 | D:15     | Entered Level 15 of the Dungeon
 28130 | D:15     | Found a staircase to the Depths.
 28130 | D:15     | Noticed a fire giant
 28541 | D:15     | Killed from afar by a fire giant

Skill      XL: |  1  2  3  4  5  6  7  8  9 10 11 12 13 14 15 |
---------------+----------------------------------------------+-----
Shields        | 4 5 6 7 9 10 12 13 15 16 17 | 17.4
Armour         | 4 5 6 7 8 9 10 12 13 14 15 | 15.1
Fighting       | 4 5 6 8 9 11 12 13 14 | 14.3
Long Blades    | 3 4 5 7 9 10 12 14 15 16 | 16.2
Dodging        | 1 2 3 4 |  4.3
Stealth        | 1 2 |  2.0
Axes           | 1 4 5 |  5.2
Invocations    | 1 2 |  2.4

Action                   |  1- 3 |  4- 6 |  7- 9 | 10-12 | 13-15 || total
-------------------------+-------+-------+-------+-------+-------++-------
Melee: Long sword        |    94 |   121 |   538 |   727 |  1344 ||  2824
       Headbutt          |    15 |    20 |   112 |   209 |   503 ||   859
       Hand axe          |       |       |       |    52 |    32 ||    84
       Scimitar          |       |       |       |       |    27 ||    27
Invok: Heroism           |       |       |       |    11 |    13 ||    24
  Use: Scroll            |       |     6 |     7 |    15 |    11 ||    39
       Potion            |       |     1 |     1 |     3 |     6 ||    11
  Eat: Chunk             |     2 |     5 |    14 |    20 |    39 ||    80
       Fruit             |       |       |     1 |     5 |     6 ||    12
Armor: Scale mail        |    31 |       |       |       |       ||    31
       Plate armour      |    41 |    51 |   251 |   238 |   540 ||  1121
Dodge: Dodged            |    15 |    27 |    76 |   159 |   414 ||   691
Block: Shield            |    62 |    56 |   245 |   438 |   926 ||  1727
       Rpst.: Long sword |     2 |     6 |    23 |    36 |    89 ||   156
       Scimitar          |       |       |       |       |     2 ||     2
